 Dungeon Crawl Stone Soup version 0.29-a0-284-gf9362112df (webtiles) character file.

Game seed: 7015469344492422699

463 bande the Shield-Bearer (level 7, 0/44 HPs)
             Began as a Gargoyle Fighter on Mar 23, 2022.
             Was an Initiate of Okawaru.
             Slain by a gnoll shaman
             ... wielding a +0 whip
              (6 damage)
             ... on level 4 of the Dungeon.
             The game lasted 00:07:03 (5169 turns).

bande the Shield-Bearer (Gargoyle Fighter)          Turns: 5169, Time: 00:07:04

Health: 0/44       AC: 15    Str: 19    XL:     7   Next: 7%
Magic:  7/7        EV:  5    Int:  9    God:    Okawaru [......]
Gold:   175        SH: 11    Dex: 11    Spells: 6/6 levels left

rFire   . . .      SeeInvis .   e - +0 hand axe (flame)
rCold   . . .      Faith    .   g - +2 kite shield
rNeg    + + .      Spirit   .   k - +0 chain mail
rPois   ∞          Reflect  .   n - +0 helmet
rElec   +          Harm     .   (no cloak)
rCorr   .          Rampage  .   (no gloves)
Will    .....                   (no boots)
Stlth   ..........              (no amulet)
HPRegen 0.14/turn               j - ring of positive energy
MPRegen 0.10/turn               (no ring)

@: no status effects
A: sickness immunity, AC +4, negative energy resistance 1, electricity
resistance, torment resistance 1, petrification resistance
a: Renounce Religion


You were on level 4 of the Dungeon.
You worshipped Okawaru.
Okawaru was noncommittal.
You visited 1 branch of the dungeon, and saw 4 of its levels.

You collected 175 gold pieces.

Inventory:

Hand Weapons
 a - a +0 war axe
 e - a +0 hand axe of flaming (weapon)
Armour
 g - a +2 kite shield (worn)
 k - a +0 chain mail (worn)
 n - a +0 helmet (worn)
Jewellery
 j - a ring of positive energy (left hand)
Scrolls
 f - a scroll of fog
Potions
 b - a potion of cancellation {unknown}
 c - a potion of resistance {unknown}
 d - a potion of might
 h - 4 potions of curing
 i - a potion of lignification {unknown}


   Skills:
 + Level 4.4 Fighting
 + Level 4.5 Axes
 + Level 4.6 Armour
 + Level 4.8 Shields
 * Level 1.0 Invocations


You had 6 spell levels left.
You didn't know any spells.
Your spell library contained the following spells:

 Spells                   Type           Power      Damage    Failure   Level
 Summon Small Mammal      Summ           Unusable   N/A       N/A         1
 Call Canine Familiar     Summ           Unusable   N/A       N/A         3
 Summon Guardian Golem    Hex/Summ       Unusable   N/A       N/A         3
 Summon Forest            Summ/Tloc      Unusable   N/A       N/A         5
 Summon Mana Viper        Hex/Summ       Unusable   N/A       N/A         5
 Summon Cactus Giant      Summ           Unusable   N/A       N/A         6

Dungeon Overview and Level Annotations

Branches:
Dungeon (4/15)
 Temple: D:4-7

Altars:
Okawaru
Uskayaw

Annotations:
D:4 2 transporters


Innate Abilities, Weirdness & Mutations

You are immune to sickness and miasma.
Your stone body is resilient. (AC +4)
You are immune to poison.
You resist negative energy. (rN+)
You are resistant to electric shocks. (rElec)
You are resistant to unholy torment.
You are immune to petrification.


Message History

You barely miss the gnoll. You hit the gnoll but do no damage.
You closely miss the gnoll. You hit the gnoll but do no damage.
The gnoll hits you but does no damage. You block the gnoll shaman's attack.
The gnoll barely misses you.
The gnoll hits you but does no damage. x4
You block the gnoll's attack.
The gnoll shaman hits you but does no damage.
You block the gnoll's attack.
Unknown command.
You hit the gnoll shaman. You burn the gnoll shaman.
The gnoll shaman is heavily wounded.
You hit the gnoll but do no damage. You hit the gnoll. You burn the gnoll.
You hit the gnoll. You burn the gnoll.
You kill the gnoll!
Okawaru accepts your kill.
You hit the gnoll. You burn the gnoll. The gnoll barely misses you.
You block the gnoll's attack. You block the gnoll shaman's attack.
The gnoll hits you but does no damage.
You hit the gnoll shaman but do no damage.
The gnoll shaman is heavily wounded.
You hit the gnoll. You burn the gnoll. You hit the gnoll but do no damage.
You hit the gnoll. You burn the gnoll. You block the gnoll's attack.
The gnoll hits you but does no damage. The gnoll shaman barely misses you.
The gnoll completely misses you.
Unknown command.
You hit the gnoll shaman but do no damage.
The gnoll shaman is heavily wounded.
You hit the gnoll. You burn the gnoll. You hit the gnoll but do no damage.
You hit the gnoll. You burn the gnoll.
You kill the gnoll!
Okawaru accepts your kill. The gnoll hits you but does no damage.
You block the gnoll shaman's attack. The gnoll hits you with a +0 flail!
* * * LOW HITPOINT WARNING * * *
You hit the gnoll shaman. You burn the gnoll shaman.
The gnoll shaman is almost dead.
You slash the gnoll! You burn the gnoll. You hit the gnoll. You burn the gnoll.
You kill the gnoll!
Okawaru accepts your kill.
The gnoll shaman hits you with a +0 whip.
You die...

..#........##
.#..≈≈≈≈...##
######
...≈≈≈≈⌠...#
..#...
#..≈≈≈≈....#
...##
#.........#
....##
#........#
.....##
#)g)....#
......##
#)@g....#
.......##
##.....##
........#
#.....#
........##
#)...##
.........#
#....#
.........#
#####....#
.........#
#........#
.........#
#.######..#
........####.##
#.#


You could see a gnoll shaman and a gnoll.

Vanquished Creatures
  An ogre (D:4)
  A hound (D:4)
  An orc priest (D:3)
  Natasha (thrice) (D:2)
  3 iguanas (D:4)
  Robin (D:3)
  6 gnolls
  An ufetubus (D:2)
  2 worms (D:2)
  6 dart slugs
  7 orcs
  6 ball pythons
  6 endoplasms
  4 giant cockroaches
  12 goblins
  3 hobgoblins
  2 jackals (D:3)
  3 quokkas
  7 bats
  A frilled lizard (D:1)
  10 kobolds
  7 rats
93 creatures vanquished.

Vanquished Creatures (others)
  2 fungi (D:4)
2 creatures vanquished.

Grand Total: 95 creatures vanquished

Notes
Turn   | Place    | Note
-------+----------+-------------------------------------------
     0 | D:1      | bande the Gargoyle Fighter began the quest for the Orb.
     0 | D:1      | Reached XP level 1. HP: 14/14 MP: 1/1
   230 | D:1      | Reached XP level 2. HP: 15/19 MP: 2/2
   715 | D:1      | Found a faded altar of an unknown god.
   723 | D:1      | Reached XP level 3. HP: 23/23 MP: 3/3
  1301 | D:2      | Noticed Natasha
  1313 | D:2      | Killed Natasha
  1314 | D:2      | Reached XP level 4. HP: 12/29 MP: 4/4
  1651 | D:2      | Noticed Natasha
  1656 | D:2      | Killed Natasha
  1770 | D:2      | Noticed Natasha
  1778 | D:2      | Killed Natasha
  1779 | D:2      | Reached XP level 5. HP: 9/33 MP: 5/5
  3026 | D:3      | Noticed Robin
  3039 | D:3      | Killed Robin
  3530 | D:3      | Found a hide-covered altar of Uskayaw.
  3679 | D:3      | Reached XP level 6. HP: 37/38 MP: 6/6
  4556 | D:4      | Found a transporter.
  4568 | D:4      | Found an iron altar of Okawaru.
  4613 | D:4      | Became a worshipper of Warmaster Okawaru
  4780 | D:4      | Reached XP level 7. HP: 35/44 MP: 7/7
  4959 | D:4      | Found a transporter.
  5161 | D:4      | Reached skill level 1 in Invocations
  5169 | D:4      | Slain by a gnoll shaman

Illustrated notes

Levels and vault maps discovered:
D:1:      amcnicky_arrival_feature_with_door, layout_basic,
          hellmonk_ecumenical_altar_arch_garden
D:2:      layout_loops_cross, uniq_natasha
D:3:      layout_loops_ring, mainiacjoe_overflow_boulevard, serial_park_tiny_1,
          uniq_robin
D:4:      gammafunk_wand_slinger, layout_cave_pods, okawaru_trees_2,
          serial_park, serial_park_tiny_2, serial_park_square1
          [serial_park_minivault_5x5_3], serial_park_tiny_2,
          serial_park_tiny_pond, serial_park_square1
          [serial_park_minivault_5x5_6]

Skill      XL: |  1  2  3  4  5  6  7 |
---------------+----------------------+-----
Axes           | 2 3 4 |  4.5
Shields        | 4 |  4.8
Armour         | 4 |  4.6
Fighting       | 4 |  4.4
Invocations    | 1 |  1.0

Action                   |  1- 3 |  4- 6 |  7- 9 || total
-------------------------+-------+-------+-------++-------
Melee: War axe           |    87 |     3 |       ||    90
       Hand axe          |       |   175 |    23 ||   198
  Use: Scroll            |     2 |     5 |       ||     7
Armor: Scale mail        |    45 |    32 |       ||    77
       Chain mail        |       |    56 |    19 ||    75
Dodge: Dodged            |    31 |    51 |     8 ||    90
Block: Buckler           |     9 |       |       ||     9
       Kite shield       |    13 |   100 |    27 ||   140

Table legend: (Time is in decaauts)
 A = Elapsed time spent in this place.
 B = Non-inter-level travel time spent in this place.
 C = Inter-level travel time spent in this place.
 D = Time resting spent in this place.
 E = Time spent auto-exploring this place.
 F = Levels seen in this place.
 G = Mean time per level.
                   A        B        C        D        E       F      G
               +--------+--------+--------+--------+--------+-----+--------+
         Total |   5272 |   5184 |     88 |   1883 |   2469 |   4 | 1318.0 |
       Dungeon |   5272 |   5184 |     88 |   1883 |   2469 |   4 | 1318.0 |
               +--------+--------+--------+--------+--------+-----+--------+

Top non-repeatable levels by time:
     D:3: 1558 daAuts
     D:2: 1317 daAuts
     D:4: 1311 daAuts
     D:1: 1085 daAuts
